 Dungeon Crawl Stone Soup version 0.30-a0-1112-gfb780f5df6 (webtiles) character file.

Game seed: 8903754628644518980

3314 LustLizard the Conjurer (level 9, 0/52 HPs)
             Began as a Deep Elf Air Elementalist on Apr 20, 2023.
             Was a Follower of Vehumet.
             Slain by a two-headed ogre
             ... wielding a +0 giant spiked club
              (11 damage)
             ... on level 7 of the Dungeon.
             The game lasted 00:19:59 (9909 turns).

LustLizard the Conjurer (Deep Elf Air Elementalist) Turns: 9909, Time: 00:19:59

Health: 0/52       AC: 14    Str:  9    XL:     9   Next: 70%
Magic:  8/21       EV: 11    Int: 21    God:    Vehumet [*.....]
Gold:   526        SH:  0    Dex: 25    Spells: 9/22 levels left

rFire   + + .      SeeInvis .    F - +4 dagger (drain)
rCold   . . .      Faith    .    (no shield)
rNeg    . . .      Spirit   .    y - +5 ring mail of Follow the Leader {rElec rF+ rCorr Dex+4}
rPois   .          Reflect  .    I - +0 helmet
rElec   +          Rampage  .    w - scarf {repulsion}
rCorr   +                        v - +0 pair of gloves
Will    .....                    d - +0 pair of boots
Stlth   +++                      (no amulet)
HPRegen 0.28/turn                C - +6 ring of dexterity
MPRegen 0.17/turn                K - ring of protection from fire

@: swift, about to teleport, repel missiles, very quick
A: no striking features
a: Renounce Religion


You were on level 7 of the Dungeon.
You worshipped Vehumet.
Vehumet was aware of your devotion.
You visited 2 branches of the dungeon, and saw 8 of its levels.

You collected 526 gold pieces.

Inventory:

Hand Weapons
 k - a +2 dagger of venom
 F - a +4 dagger of draining (weapon)
Missiles
 t - 2 throwing nets
Armour
 d - a +0 pair of boots (worn)
 p - a +2 robe of resistance
 v - a +0 pair of gloves (worn)
 w - a scarf of repulsion (worn)
 y - the +5 ring mail of Follow the Leader (worn) {rElec rF+ rCorr Dex+4}
   (You found it on level 4 of the Dungeon)

   Dex:       It affects your dexterity (+4).
   rF:        It protects you from fire.
   rElec:     It insulates you from electricity.
   rCorr:     It protects you from acid and corrosion.
 I - a +0 helmet (worn)
Jewellery
 C - a +6 ring of dexterity (left hand)
 J - a ring of resist corrosion
 K - a ring of protection from fire (right hand)
Wands
 f - a wand of roots (9)
 o - a wand of digging (3)
 u - a wand of charming (7)
 H - a wand of flame (38)
Scrolls
 a - a scroll of silence {unknown}
 c - a scroll of brand weapon {unknown}
 h - 2 scrolls of blinking {unknown}
 m - 3 scrolls of amnesia
 q - 3 scrolls of immolation
 r - 2 scrolls of enchant armour {unknown}
 s - a scroll of enchant weapon {unknown}
 x - a scroll of teleportation
 z - 3 scrolls of poison {unknown}
 A - a scroll of fog {unknown}
 D - a scroll of butterflies {unknown}
 E - a scroll of magic mapping {unknown}
 M - a scroll of noise {unknown}
Potions
 b - a potion of magic
 e - 3 potions of haste
 g - 2 potions of invisibility
 i - 2 potions of might {unknown}
 j - 2 potions of mutation
 l - 4 potions of curing
 n - a potion of berserk rage {unknown}
 B - 2 potions of cancellation
 G - 2 potions of brilliance {unknown}
 L - 4 potions of heal wounds
 N - a potion of ambrosia {unknown}
 O - a potion of lignification {unknown}


   Skills:
 + Level 3.7 Fighting
 + Level 3.1 Armour
 - Level 2.4 Dodging
 - Level 6.2 Stealth
 + Level 7.1 Spellcasting
 * Level 7.8 Conjurations
 + Level 2.7 Hexes
 * Level 7.7 Air Magic


You had 9 spell levels left.
You knew the following spells:

 Your Spells              Type           Power      Damage    Failure   Level
a - Shock                 Conj/Air       100%       1d9       1%          1
b - Static Discharge      Conj/Air       80%        2-6/arc   1%          2
c - Swiftness             Air            39%        N/A       2%          3
d - Airstrike             Air            19%        2d(3-19)  10%         4
e - Tukima's Dance        Hex            18%        N/A       22%         3

Your spell library contained the following spells:

 Spells                   Type           Power      Damage    Failure   Level
 Sandblast                Erth           14%        2d6       22%         1
 Kiss of Death            Conj/Necr      92%        2d12      4%          1
 Confusing Touch          Hex            18%        N/A       22%         3
 Scorch                   Fire           14%        2d6       34%         2
 Portal Projectile        Hex/Tloc       26%        N/A       36%         3
 Flame Wave               Conj/Fire      23%        2d8       41%         4
 Dispel Undead            Necr           7%         3d8       92%         4
 Summon Ice Beast         Ice/Summ       7%         N/A       92%         4
 Summon Mana Viper        Hex/Summ       13%        N/A       98%         5
 Blade Hands              Tmut           3%         N/A       99%         5
 Summon Cactus Giant      Summ           3%         N/A       100%        6
 Monstrous Menagerie      Summ           3%         N/A       100%        7


Dungeon Overview and Level Annotations

Branches:
Dungeon (7/15)             Temple (1/1) D:4

Altars:
Ashenzari
Cheibriados
Dithmenos
Fedhas
Gozag
Hepliaklqana
Kikubaaqudgha
Makhleb
Nemelex Xobeh
Okawaru
Qazlal
Ru
Sif Muna
Trog
Uskayaw
Vehumet
Wu Jian
Xom
Yredelemnul
The Shining One

Shops:
D:5 *

Annotations:
D:7 3 runed translucent doors, Joseph; RealBenFromCanada's ghost, novice DsGl; holysushi's ghost, novice DsCj; sigtrap's ghost, novice FoFi; soul19's ghost, novice DsFi


Message History

You resist.
You are struck by an arc of lightning.
The slime creature is struck by an arc of lightning.
The slime creature is severely wounded.
The lightning grounds out.
The slime creature closely misses you.
The zap hits the slime creature!
The slime creature is almost dead.
The zap hits the slime creature.
The slime creature is lightly wounded.
The slime creature hits you!
The zap hits the slime creature!
The slime creature is almost dead.
The zap hits the slime creature.
The slime creature is lightly wounded.
The slime creature hits you!
The zap hits the slime creature.
The slime creature is almost dead.
The zap hits the slime creature.
The slime creature is lightly wounded.
The slime creature hits you but does no damage.
Casting: Shock (safe; 1% risk of failure)
Confirm with . or Enter, or press ? or * to list all spells.
The slime creature is struck by an arc of lightning.
You kill the slime creature!
Vehumet accepts your kill. You resist.
You are struck by an arc of lightning.
Unknown command.
Casting: Static Discharge (safe; 1% risk of failure)
Confirm with . or Enter, or press ? or * to list all spells.
You feel quick. The slime creature hits you.
The two-headed ogre shouts in stereo!
The two-headed ogre hits you with a +0 giant spiked club!!
* * * LOW HITPOINT WARNING * * *
The two-headed ogre closely misses you.
Okay, then.
As you read the scroll of teleportation, it crumbles to dust.
You feel strangely unstable. The slime creature barely misses you.
You feel better. The slime creature hits you.
* * * LOW HITPOINT WARNING * * *
The two-headed ogre hits you with a +0 giant spiked club!
You die...

.......# #[..##.# ######.#
##.###.# .......# #.# #.########
#####..####### #.# #......(.#
.............# #.# ##########
.###...#.###.#######.######### .#
#...#.# #..........<......#
.###...#.# #########[..#####.##
.......#.# #.O@J......###.#.###
..###..#.#####<#######[(#..###...
.## #..#.............[..#.#.#.###
.####........#.#######.#.)##.###.
.......[..#.##.# #.###......J.
#####)###.#.##.# ##.#.###...##
......# #.#.##.# #).##...###.
#####.###.#.##.# ###[#...###.?.
.......>..#.##.# ###.))..###..#..


You could see a slime creature and a two-headed ogre.

Vanquished Creatures
  2 kobold demonologists (D:7)
  A slime creature (D:7)
  A wraith (D:7)
  A steam dragon (D:6)
  Menkaure (D:4)
  A water moccasin (D:6)
  A sky beast (D:7)
  An orc warrior (D:7)
  2 ice beasts
  A centaur (D:7)
  A phantom (D:4)
  2 kobold brigands
  2 gnoll sergeants
  2 bullfrogs
  2 scorpions
  3 killer bees (D:7)
  A centaur zombie (D:4)
  3 hounds
  A jelly (D:7)
  2 orc priests (D:7)
  Crazy Yiuf (D:5)
  Jessica (D:3)
  A scorpion zombie (D:4)
  2 sleepcaps (D:7)
  Ijyb (D:3)
  Natasha (thrice) (D:3)
  An iguana (D:4)
  7 orc wizards
  Terence (D:2)
  Robin (D:2)
  8 adders
  8 gnolls (D:5)
  A white imp (D:6)
  2 ufetubi
  3 dart slugs
  18 orcs
  5 endoplasms
  3 giant cockroaches
  16 goblins
  5 hobgoblins
  7 jackals
  14 kobolds
  2 quokkas
  4 ball pythons
  8 bats
  A frilled lizard (D:1)
  8 rats
163 creatures vanquished.

Vanquished Creatures (others)
  2 withered plants (D:7)
2 creatures vanquished.

Grand Total: 165 creatures vanquished

Notes
Turn   | Place    | Note
-------+----------+-------------------------------------------
     0 | D:1      | LustLizard the Deep Elf Air Elementalist began the quest
                  | for the Orb.
     0 | D:1      | Reached XP level 1. HP: 10/10 MP: 6/6
   308 | D:1      | Reached XP level 2. HP: 15/15 MP: 6/8
   522 | D:1      | Learned a level 2 spell: Static Discharge
   838 | D:2      | Reached XP level 3. HP: 12/20 MP: 4/9
  1219 | D:2      | Learned a level 3 spell: Swiftness
  1344 | D:2      | Noticed Robin
  1459 | D:2      | Killed Robin
  1677 | D:2      | Reached XP level 4. HP: 22/24 MP: 4/11
  1860 | D:2      | Noticed Terence
  1934 | D:2      | Killed Terence
  2211 | D:3      | Noticed Jessica
  2227 | D:3      | Killed Jessica
  2228 | D:3      | Reached skill level 1 in Fighting
  2376 | D:3      | Reached XP level 5. HP: 11/29 MP: 7/12
  2626 | D:3      | Noticed Natasha
  2631 | D:3      | Killed Natasha
  2729 | D:3      | Noticed Ijyb
  2743 | D:3      | Killed Ijyb
  2803 | D:3      | Found a bloodstained altar of Trog.
  3250 | D:3      | Found a burning altar of Makhleb.
  3594 | D:3      | Noticed Natasha
  3599 | D:3      | Killed Natasha
  4066 | D:3      | Noticed Natasha
  4072 | D:3      | Killed Natasha
  4073 | D:3      | Reached XP level 6. HP: 33/34 MP: 7/14
  4222 | D:4      | Noticed Menkaure
  4228 | D:4      | Killed Menkaure
  4535 | D:4      | Reached skill level 5 in Air Magic
  4535 | D:4      | Reached XP level 7. HP: 39/40 MP: 8/16
  4586 | D:4      | Identified the +5 ring mail of Follow the Leader {rElec rF+
                  | rCorr Dex+4}
  4691 | D:4      | Found a shimmering altar of Xom.
  4964 | D:4      | Found a basalt altar of Yredelemnul.
  5089 | D:4      | Found a staircase to the Ecumenical Temple.
  5098 | Temple   | Entered the Ecumenical Temple
  5142 | Temple   | Became a worshipper of Vehumet
  5308 | D:5      | Entered Level 5 of the Dungeon
  5382 | D:5      | Found Maammoif's General Store.
  5433 | D:5      | Learned a level 4 spell: Airstrike
  5584 | D:5      | Reached skill level 5 in Spellcasting
  5631 | D:5      | Reached skill level 5 in Conjurations
  5749 | D:5      | Reached skill level 1 in Armour
  5961 | D:5      | Found a runed translucent door.
  5962 | D:5      | Noticed Crazy Yiuf
  6010 | D:5      | Reached skill level 5 in Stealth
  6306 | D:5      | Killed Crazy Yiuf
  6428 | D:6      | Reached XP level 8. HP: 40/45 MP: 8/18
  6599 | D:6      | Reached * piety under Vehumet
  6599 | D:6      | Offered knowledge of Sandblast by Vehumet.
  7035 | D:6      | Found a broken altar of Ashenzari.
  7497 | D:7      | Found a runed translucent gate.
  7498 | D:7      | Found a runed translucent gate.
  7498 | D:7      | Found a runed translucent gate.
  7498 | D:7      | Noticed sigtrap's ghost (novice FoFi)
  7498 | D:7      | Noticed holysushi's ghost (novice DsCj)
  7499 | D:7      | Noticed RealBenFromCanada's ghost (novice DsGl)
  7499 | D:7      | Noticed soul19's ghost (novice DsFi)
  7663 | D:7      | Reached XP level 9. HP: 50/50 MP: 3/20
  7930 | D:7      | Found a shadowy altar of Dithmenos.
  8073 | D:7      | Found a shimmering blue altar of Sif Muna.
  8320 | D:7      | Identified the +7 dagger of Invincibility {protect, Int-4
                  | Dex+5}
  8320 | D:7      | Noticed Joseph
  8513 | D:7      | Noticed a kobold demonologist
  8590 | D:7      | Noticed a kobold demonologist
  8694 | D:7      | Noticed a two-headed ogre
  8707 | D:7      | Learned a level 3 spell: Tukima's Dance
  8998 | D:7      | Noticed an ice devil
  9001 | D:7      | Killed a kobold demonologist
  9002 | D:7      | Reached skill level 1 in Hexes
  9665 | D:7      | Killed a kobold demonologist
  9909 | D:7      | Slain by a two-headed ogre

Illustrated notes

Levels and vault maps discovered:
D:1:      dpeg_arrival_refuge, layout_basic, minmay_misc_feat_rows, minivault_24
D:2:      layout_basic, uniq_terence, uniq_robin
D:3:      layout_loops_ring, lightli_temple_of_fire, trog_hazing_becter,
          minmay_ruptured, uniq_ijyb, uniq_jessica, uniq_natasha
D:4:      layout_rooms, lemuel_zombie_altar_yredelemnul, old_standard_altar,
          lemuel_temple_firewalk_b, uniq_menkaure
D:5:      cheibrodos_quashed, layout_basic, serial_shops,
          nicolae_shop_tiny_statue_garden, columned_hall_lemuel,
          supply_closet_lemuel, nrook_mini_backslash, uniq_crazy_yiuf_cottage
D:6:      layout_rooms, mainiacjoe_overflow_surrounded_room,
          kennysheep_big_empty_room
D:7:      minmay_the_grid_triangle_9x9_recursive_2
          [minmay_the_grid_triangle_9x9_prize_center,
          minmay_the_grid_triangle_9x9_stretched_checkered,
          minmay_the_grid_triangle_9x9_zippers_horizontal,
          minmay_the_grid_triangle_9x9_corruption], layout_loops_ring,
          nicolae_overflow_hidden_temple, gammafunk_ghost_cemetery, uniq_joseph
Temple:   nicolae_temple_god_jail

Skill      XL: |  1  2  3  4  5  6  7  8  9 |
---------------+----------------------------+-----
Conjurations   | 2 3 4 5 6 7 |  7.8
Stealth        | 3 4 5 6 |  6.2
Fighting       | 1 2 3 |  3.7
Air Magic      | 4 5 6 7 |  7.7
Spellcasting   | 4 5 6 7 |  7.1
Armour         | 1 2 3 |  3.1
Hexes          | 2 |  2.7
Dodging        | |  2.4

Action                     |  1- 3 |  4- 6 |  7- 9 || total
---------------------------+-------+-------+-------++-------
  Melee: Dagger            |       |    12 |     4 ||    16
   Cast: Shock             |    53 |    92 |   243 ||   388
         Static Discharge  |     3 |    16 |    26 ||    45
         Airstrike         |       |       |    36 ||    36
         Swiftness         |       |       |     2 ||     2
  Evoke: Wand              |       |       |     2 ||     2
    Use: Scroll            |       |     4 |    10 ||    14
         Potion            |       |       |     1 ||     1
 Armour: Robe              |     1 |    15 |    22 ||    38
         Ring mail         |       |       |     5 ||     5
  Dodge: Dodged            |     3 |    20 |    63 ||    86
         Repelled          |       |       |     1 ||     1

Table legend: (Time is in decaauts)
 A = Elapsed time spent in this place.
 B = Non-inter-level travel time spent in this place.
 C = Inter-level travel time spent in this place.
 D = Time resting spent in this place.
 E = Time spent auto-exploring this place.
 F = Levels seen in this place.
 G = Mean time per level.
                   A        B        C        D        E       F      G
               +--------+--------+--------+--------+--------+-----+--------+
         Total |   9920 |   8955 |    965 |    598 |   6707 |   8 | 1240.0 |
       Dungeon |   9858 |   8909 |    949 |    598 |   6679 |   7 | 1408.3 |
        Temple |     61 |     45 |     16 |      0 |     28 |   1 |   61.0 |
               +--------+--------+--------+--------+--------+-----+--------+

Top non-repeatable levels by time:
     D:7: 1997 daAuts
     D:3: 1983 daAuts
     D:6: 1507 daAuts
     D:2: 1377 daAuts
     D:4: 1135 daAuts
     D:5: 1108 daAuts
     D:1: 749 daAuts
  Temple: 61 daAuts
